 Dungeon Crawl Stone Soup version 0.28-a0-925-gd5e1996cdb (webtiles) character file.

Game seed: 3012226542444980011

21707 jasper the Severer (level 13, -8/103 HPs)
             Began as a Formicid Berserker on Nov 27, 2021.
             Was a High Priest of Trog.
             Killed by divine providence
             ... invoked by an orc priest
              (10 damage)
             ... on level 2 of the Orcish Mines.
             The game lasted 00:29:28 (16686 turns).

jasper the Severer (Formicid Berserker)            Turns: 16686, Time: 00:29:28

Health: -8/103     AC: 19    Str: 25    XL:     13   Next: 22%
Magic:  13/13      EV: 11    Int:  7    God:    Trog [*****.]
Gold:   1258       SH: 11    Dex: 11    Spells: 12/12 levels left

rFire   x . .      SeeInvis +   T - +0 battleaxe (drain)
rCold   + . .      Faith    .   c - +1 kite shield
rNeg    + + .      Spirit   .   S - +0 swamp dragon scales
rPois   +          Reflect  .   (helmet unavailable)
rElec   .          Harm     .   A - +2 ratskin cloak {*Rats rPois rN+ Str-1 Int-1 Dex+1}
rCorr   .          Rampage  .   E - +0 pair of gloves
Will    +++++      Clarity  +   (no boots)
Stlth   +.........              M - amulet of the Four Winds {rN+ Will+++ Clar}
HPRegen 1.27/turn               y - +4 ring of protection
MPRegen 0.13/turn               v - ring of ice

@: strong-willed, regenerating
A: permanent stasis, dig shafts and tunnels, antennae 3, four strong arms
a: Dig, Shaft Self, Renounce Religion, Trog's Hand, Brothers in Arms


You were on level 2 of the Orcish Mines.
You worshipped Trog.
Trog was extremely pleased with you.
You visited 3 branches of the dungeon, and saw 15 of its levels.
You also visited: Gauntlet.

You collected 1258 gold pieces.

Inventory:

Hand Weapons
 a - a +1 hand axe
 f - a +0 flail
 k - a +0 war axe of freezing
 m - a +0 vampiric whip
 T - a +0 battleaxe of draining (weapon)
 U - a +2 antimagic battleaxe
 V - a +2 battleaxe of electrocution
Missiles
 g - 21 boomerangs (quivered)
 n - 288 stones
 r - 2 atropa-tipped darts
 x - 66 poisoned darts
 B - 6 throwing nets
 D - 3 silver boomerangs
 N - 13 javelins
Armour
 b - a +0 animal skin
 c - a +1 kite shield (worn)
 d - a +0 plate armour
 e - a +1 ring mail of poison resistance
 A - the +2 ratskin cloak (worn) {*Rats rPois rN+ Str-1 Int-1 Dex+1}
   (You found it on level 7 of the Dungeon)

   When the wearer is hurt, rats may emerge from it to assist them.
   Str:       It affects your strength (-1).
   Int:       It affects your intelligence (-1).
   Dex:       It affects your dexterity (+1).
   rPois:     It protects you from poison.
   rN:        It protects you from negative energy.
 E - a +0 pair of gloves (worn)
 S - +0 swamp dragon scales (worn)
Jewellery
 p - an amulet of guardian spirit
 s - a ring of fire
 v - a ring of ice (right hand)
 y - a +4 ring of protection (left hand)
 M - the amulet of the Four Winds (around neck) {rN+ Will+++ Clar}
   (You took it off a minotaur in a Gauntlet)

   [amulet of nothing]

   rN:        It protects you from negative energy.
   Clar:      It protects you against confusion.
   Will:      It greatly increases your willpower.
 W - a ring of ice
Wands
 C - a wand of charming (4)
 F - a wand of digging (3)
 H - a wand of flame (33)
 P - a wand of iceblast (1)
 R - a wand of acid (7)
Scrolls
 i - 4 scrolls of enchant weapon
 q - a scroll of fog
 J - 2 scrolls of magic mapping
Potions
 h - a potion of ambrosia
 j - a potion of attraction
 l - 3 potions of berserk rage
 o - a potion of might {unknown}
 t - 2 potions of mutation {unknown}
 u - a potion of curing
 w - a potion of flight {unknown}
 G - a potion of haste {unknown}
 I - 2 potions of lignification {unknown}
 K - a potion of resistance {unknown}
 L - 2 potions of cancellation {unknown}
 O - a potion of degeneration {unknown}
 Q - a potion of magic {unknown}


   Skills:
 + Level 10.3 Fighting
 * Level 15.6 Axes
 + Level 10.0 Armour
 - Level 1.8 Dodging
 - Level 9.0 Shields


You had 12 spell levels left.
You didn't know any spells.
Your spell library was empty.

Dungeon Overview and Level Annotations

Branches:
Dungeon (12/15)            Temple (0/1) D:4            Lair (1/6) D:8
    Orc (2/2) D:10            Elf (0/3) Orc:2       Gauntlet (visited)

Altars:
Ashenzari
Dithmenos
Fedhas
Kikubaaqudgha
Nemelex Xobeh
Qazlal
Ru
Uskayaw
Vehumet
Beogh

Shops:
Orc:2 [

Annotations:
D:4 Crazy Yiuf


Innate Abilities, Weirdness & Mutations

You cannot be hasted, slowed, berserked, paralysed or teleported.
You can dig through walls and to a lower floor.
You have a pair of large antennae on your head. (SInv)
Your four strong arms can wield two-handed weapons with a shield.


Message History

The orc shouts!
You block the orc's attack. The orc closely misses you.
The orc barely misses you.
The orc priest mumbles some strange prayers to Beogh against you.
Beogh smites you!
* * * LOW HITPOINT WARNING * * *
You hear a shout!
Things that are here:
a +0 glaive; a +0 chain mail; an orc corpse You take 12 damage, and have 12/103 hp.
The orc priest looks braver for a moment.
The orc priest invokes the aid of Beogh against you.
Beogh smites you!
* * * LOW HITPOINT WARNING * * *
You take 7 damage, and have 6/103 hp.
You feel better.
The orc priest hits you but does no damage.
The orc barely misses you. You block the orc's attack.
You regained 8 hp, and now have 14/103 hp.
You feel better.
The orc priest hits you but does no damage.
The orc priest looks encouraged for a moment.
You block the orc's attack. x2; The orc hits you but does no damage.
The orc misses you.
You regained 8 hp, and now have 22/103 hp.
The orc priest calls down the wrath of Beogh upon you.
Beogh smites you!
* * * LOW HITPOINT WARNING * * *
A hell rat scurries out from under your cloak.
You take 11 damage, and have 11/103 hp.
The orc priest calls down the wrath of Beogh upon you.
Beogh smites you!
* * * LOW HITPOINT WARNING * * *
The orc priest calls down the wrath of Beogh upon you.
You resist with almost no effort.
The orc priest looks braver for a moment.
Your hell rat bites the orc priest.
The orc priest mumbles some strange prayers to Beogh against you.
Beogh smites you!
You die...

...................#
#....o...#.......###
#....o..#..........##
#....).....)).......#
#...o).)...#......$.#
#.......oo......##.#
#..........o>....#
###......ooo....########
.......roo@....#.##.#.##
........................#
........#..........##......##
...............#.........###
.<.............#.#........#
.....$....................##
..........................###
...................[#....##.##
.............................#


You could see 5 orc priests, 6 orcs and a friendly hell rat.

Vanquished Creatures
  A minotaur (Gauntlet)
  Fannar (Orc:1)
  Harold (D:8)
  2 two-headed ogres
  Pikel (D:9)
  2 orc knights (Orc:1)
  2 orc sorcerers
  A cyclops (D:10)
  A moth of wrath (Gauntlet)
  A cane toad (D:8)
  An ice devil (Gauntlet)
  5 trolls
  A shadow (D:10)
  A wyvern (D:10)
  Sigmund (D:5)
  23 yaks
  2 steam dragons
  2 swamp worms (Gauntlet)
  6 wargs
  2 water moccasins (D:7)
  2 ice beasts
  10 orc warriors
  3 sky beasts
  2 black bears
  7 ogres
  8 wolves
  A centaur (D:8)
  A necrophage (D:5)
  2 phantoms
  2 kobold brigands (D:9)
  3 lemures (D:9)
  2 bullfrogs
  A gnoll sergeant (D:11)
  A wyvern zombie (D:8)
  3 scorpions
  26 killer bees
  4 howler monkeys
  4 electric eels (D:8)
  3 centaur zombies
  7 orc priests
  2 hounds (D:8)
  A bullfrog skeleton (D:5)
  A centaur skeleton (D:7)
  2 gnoll shamans
  3 iguanas (D:6)
  7 orc wizards
  7 hell rats (D:7)
  A howler monkey zombie (D:6)
  7 adders
  15 gnolls
  16 river rats (D:7)
  A shadow imp (D:6)
  6 white imps
  A worm (D:2)
  A dart slug (D:1)
  44 orcs
  6 endoplasms
  3 giant cockroaches
  8 goblins
  A hobgoblin (D:1)
  2 jackals (D:2)
  26 kobolds
  2 quokkas (D:2)
  4 ball pythons
  3 bats
  A frilled lizard (D:3)
  5 rats
325 creatures vanquished.

Vanquished Creatures (collateral kills)
  A two-headed ogre (D:8)
  Urug (D:10)
  A black mamba (D:8)
  A komodo dragon (D:8)
  A yak (D:11)
  A killer bee (D:10)
  An electric eel (D:8)
7 creatures vanquished.

Vanquished Creatures (others)
  An orc warrior (D:9)
  A gnoll (D:9)
  69 plants (D:9)
71 creatures vanquished.

Grand Total: 403 creatures vanquished

Notes
Turn   | Place    | Note
-------+----------+-------------------------------------------
     0 | D:1      | jasper the Formicid Berserker began the quest for the Orb.
     0 | D:1      | Reached XP level 1. HP: 18/18 MP: 1/1
   135 | D:1      | Reached XP level 2. HP: 1/24 MP: 2/2
   549 | D:1      | Reached skill level 1 in Shields
   898 | D:2      | Reached XP level 3. HP: 29/29 MP: 3/3
  1133 | D:2      | Reached skill level 4 in Axes
  1133 | D:2      | Reached XP level 4. HP: 16/35 MP: 4/4
  1396 | D:2      | Reached ** piety under Trog
  1453 | D:2      | Found a sparkling altar of Nemelex Xobeh.
  1649 | D:2      | Reached XP level 5. HP: 22/41 MP: 5/5
  2274 | D:3      | Reached skill level 5 in Axes
  2293 | D:3      | Found a faded altar of an unknown god.
  2417 | D:3      | Found a runed translucent door.
  2418 | D:3      | Noticed Crazy Yiuf
  2823 | D:3      | Found a shadowy altar of Dithmenos.
  2966 | D:4      | Found a staircase to the Ecumenical Temple.
  3000 | D:4      | Reached XP level 6. HP: 47/47 MP: 6/6
  3013 | D:4      | Noticed a black bear
  3021 | D:4      | Killed a black bear
  3022 | D:4      | Reached skill level 6 in Axes
  3090 | D:5      | Entered Level 5 of the Dungeon
  3110 | D:5      | Noticed Sigmund
  3128 | D:5      | Killed Sigmund
  3129 | D:5      | Reached XP level 7. HP: 35/52 MP: 7/7
  3695 | D:5      | Reached skill level 7 in Axes
  3695 | D:5      | Reached skill level 5 in Shields
  3995 | D:5      | Noticed a yak
  4021 | D:5      | Killed a yak
  4022 | D:5      | Reached XP level 8. HP: 43/58 MP: 5/8
  4118 | D:5      | Noticed a yak
  4119 | D:5      | Noticed a yak
  4149 | D:5      | Killed a yak
  4165 | D:5      | Killed a yak
  4166 | D:5      | Reached skill level 8 in Axes
  4166 | D:5      | Noticed a yak
  4173 | D:5      | Killed a yak
  4609 | D:5      | Found a blossoming altar of Fedhas.
  4609 | D:5      | Found a broken altar of Ashenzari.
  4610 | D:5      | Found a sacrificial altar of Ru.
  4626 | D:5      | Found a radiant altar of Vehumet.
  5068 | D:6      | Reached skill level 9 in Axes
  5438 | D:6      | Reached XP level 9. HP: 49/64 MP: 7/9
  5555 | D:6      | Found a stormy altar of Qazlal.
  6289 | D:6      | Reached skill level 10 in Axes
  6510 | D:7      | HP: 2/58 [poisoned by a killer bee]
  7486 | D:7      | Reached *** piety under Trog
  7715 | D:7      | Found the +2 ratskin cloak {*Rats rPois rN+ Str-1 Int-1
                  | Dex+1}
  7736 | D:7      | Reached skill level 11 in Axes
  7942 | D:7      | Reached XP level 10. HP: 36/69 MP: 6/10
  9221 | D:8      | Found a staircase to the Lair.
  9480 | D:8      | Reached skill level 12 in Axes
  9789 | D:8      | Found a hide-covered altar of Uskayaw.
  9885 | D:8      | Noticed Harold
  9922 | D:8      | Reached skill level 5 in Fighting
  9930 | D:8      | Killed Harold
 10022 | D:8      | Reached skill level 5 in Armour
 10022 | D:8      | Reached XP level 11. HP: 72/81 MP: 11/11
 10795 | D:9      | Noticed a two-headed ogre
 10800 | D:9      | Noticed Pikel
 10861 | D:9      | Killed Pikel
 10862 | D:9      | Reached skill level 13 in Axes
 11093 | D:9      | Reached **** piety under Trog
 11975 | D:10     | Entered Level 10 of the Dungeon
 12397 | D:10     | Found a staircase to the Orcish Mines.
 12612 | D:10     | Noticed a two-headed ogre
 12667 | D:10     | Killed a two-headed ogre
 12852 | D:10     | Found an ancient bone altar of Kikubaaqudgha.
 12928 | D:10     | Noticed a cyclops
 12942 | D:10     | Killed a cyclops
 12943 | D:10     | Reached skill level 14 in Axes
 13345 | Orc:1    | Entered Level 1 of the Orcish Mines
 13416 | D:11     | Found a gate leading to a gauntlet.
 13456 | D:11     | Reached XP level 12. HP: 76/92 MP: 9/12
 13623 | Gauntlet | Entered a Gauntlet
 13623 | Gauntlet | Noticed a sixfirhy
 13623 | Gauntlet | Noticed a sixfirhy
 13623 | Gauntlet | Found a large runed translucent door.
 13623 | Gauntlet | Found a large runed translucent door.
 13623 | Gauntlet | Found a large runed translucent door.
 13623 | Gauntlet | Found a large runed translucent door.
 13623 | Gauntlet | Found a runed translucent door.
 13623 | Gauntlet | Found a large runed translucent door.
 13623 | Gauntlet | Found a large runed translucent door.
 13623 | Gauntlet | Found a transporter.
 13623 | Gauntlet | Found a transporter.
 13623 | Gauntlet | Found a large runed translucent door.
 13623 | Gauntlet | Found a large runed translucent door.
 13623 | Gauntlet | Found a runed translucent gate.
 13623 | Gauntlet | Found a runed translucent gate.
 13623 | Gauntlet | Found a transporter.
 13626 | Gauntlet | Noticed a sixfirhy
 13641 | Gauntlet | Found a transporter.
 13642 | Gauntlet | Found a runed translucent gate.
 13642 | Gauntlet | Found a runed translucent door.
 13646 | Gauntlet | Found a large runed translucent door.
 13646 | Gauntlet | Found a large runed translucent door.
 13651 | Gauntlet | Found a transporter.
 13683 | Gauntlet | Found a large runed translucent door.
 13683 | Gauntlet | Found a large runed translucent door.
 13686 | Gauntlet | Found a large runed translucent door.
 13686 | Gauntlet | Found a large runed translucent door.
 13687 | Gauntlet | Found a large runed translucent door.
 13688 | Gauntlet | Found a large runed translucent door.
 13717 | Gauntlet | Found a transporter.
 13737 | Gauntlet | Found a transporter.
 13742 | Gauntlet | Found a transporter.
 13752 | Gauntlet | Found a transporter.
 13767 | Gauntlet | Found a transporter.
 13773 | Gauntlet | Found a transporter.
 13794 | Gauntlet | Found a transporter.
 14211 | Gauntlet | Noticed a red very ugly thing
 14211 | Gauntlet | Noticed a purple very ugly thing
 14218 | Gauntlet | Noticed an ironbound thunderhulk
 14218 | Gauntlet | Noticed a purple very ugly thing
 14218 | Gauntlet | Noticed a purple very ugly thing
 14221 | Gauntlet | Noticed a tengu warrior
 14298 | Gauntlet | Noticed a minotaur
 14306 | Gauntlet | Killed a minotaur
 14722 | D:11     | Noticed a two-headed ogre
 14727 | D:11     | Killed a two-headed ogre
 15042 | D:11     | Found a sacrificial altar of Ru.
 15386 | Lair:1   | Entered Level 1 of the Lair of Beasts
 15401 | D:8      | Killed a two-headed ogre
 15482 | Orc:1    | Noticed Fannar
 15517 | Orc:1    | Noticed Urug
 15519 | Orc:1    | Killed Fannar
 15635 | D:10     | Killed Urug
 15647 | Orc:1    | Reached skill level 15 in Axes
 15912 | Orc:1    | Reached XP level 13. HP: 98/103 MP: 13/13
 15943 | Orc:1    | Reached skill level 10 in Fighting
 16414 | Orc:2    | Entered Level 2 of the Orcish Mines
 16477 | Orc:2    | Reached ***** piety under Trog
 16528 | Orc:2    | Reached skill level 10 in Armour
 16574 | Orc:2    | Found Ciumnoer's Armour Boutique.
 16623 | Orc:2    | Found a staircase to the Elven Halls.
 16686 | Orc:2    | HP: 2/103 [orc priest/divine providence (10)]
 16686 | Orc:2    | Killed from afar by an orc priest

Illustrated notes

Levels and vault maps discovered:
D:1:      scummos_arrival_forest, layout_rooms
D:2:      layout_basic, basic_altar, hex_intersection, cheibrodos_gnoll_hut
D:3:      layout_rooms, marbit_many_paths, shapermc_ecumenical_altar_pompeii,
          uniq_crazy_yiuf_cottage
D:4:      layout_basic, minmay_temple_entry_arrows
D:5:      layout_loops_corners, nicolae_overflow_quartered_altars, uniq_sigmund
D:6:      layout_loops_ring, mainiacjoe_overflow_small_starburst, st_stairs_14
D:7:      wander_guarded_unrand_ratskin, layout_loops_ring
D:8:      layout_loops_ring, amcnicky_altar_gilded, erik_lair_island,
          uniq_harold
D:9:      kennysheep_kobold_camp, layout_irregular_city, uniq_pikel
D:10:     layout_irregular_city, mainiacjoe_overflow_24_doors, orc_0_dummy
D:11:     layout_basic, gauntlet_entry_generic, nicolae_ru_awakened_eye
D:12:     layout_cross, uniq_azrael
Lair:1:   layout_misc_corridors
Orc:1:    layout_diamond_mine, mines2_david, uniq_jorgrun, uniq_fannar,
          uniq_urug
Orc:2:    st_orc_pillars, layout_caves, serial_shops, nicolae_shop_hallway_plus,
          led_sif_book, uniq_saint_roka

Skill      XL: |  1  2  3  4  5  6  7  8  9 10 11 12 13 |
---------------+----------------------------------------+-----
Shields        | 1 2 3 4 5 7 8 9 |  9.0
Axes           | 4 5 6 7 9 11 12 14 15 | 15.6
Armour         | 5 7 9 10 | 10.0
Fighting       | 5 7 9 10 | 10.3
Dodging        | |  1.8

Action                   |  1- 3 |  4- 6 |  7- 9 | 10-12 | 13-15 || total
-------------------------+-------+-------+-------+-------+-------++-------
Melee: Hand axe          |    78 |    71 |       |       |       ||   149
       War axe           |       |    37 |   373 |   677 |       ||  1087
       Battleaxe         |       |       |       |    63 |    74 ||   137
Throw: Javelin           |     5 |    12 |     2 |     4 |       ||    23
       Dart              |       |       |    25 |    12 |       ||    37
       Boomerang         |       |       |       |    33 |       ||    33
Invok: Trog's Hand       |       |       |     6 |     8 |     2 ||    16
       Brothers in Arms  |       |       |       |     3 |       ||     3
 Abil: Dig               |     1 |     1 |     1 |     1 |     1 ||     5
Evoke: Wand              |       |       |       |    13 |       ||    13
  Use: Scroll            |     5 |     4 |     5 |     6 |       ||    20
       Potion            |     2 |       |       |     2 |     3 ||     7
 Stab: Invisible         |       |       |       |     5 |     4 ||     9
       Distracted        |       |       |       |     1 |       ||     1
Armor: Animal skin       |     1 |       |       |       |       ||     1
       Plate armour      |    38 |    63 |   148 |   365 |       ||   614
       Swamp dragon scal |       |       |       |    30 |    28 ||    58
Dodge: Dodged            |    20 |    23 |    70 |   209 |    31 ||   353
Block: Kite shield       |    21 |    42 |   163 |   472 |    40 ||   738

Table legend: (Time is in decaauts)
 A = Elapsed time spent in this place.
 B = Non-inter-level travel time spent in this place.
 C = Inter-level travel time spent in this place.
 D = Time resting spent in this place.
 E = Time spent auto-exploring this place.
 F = Levels seen in this place.
 G = Mean time per level.
                   A        B        C        D        E       F      G
               +--------+--------+--------+--------+--------+-----+--------+
         Total |  16717 |  16232 |    485 |   4283 |   8513 |  16 | 1044.8 |
       Dungeon |  14672 |  14199 |    473 |   3466 |   7849 |  12 | 1222.7 |
          Lair |     15 |     15 |      0 |      0 |      4 |   1 |   15.0 |
  Orcish Mines |   1070 |   1059 |     11 |    271 |    490 |   2 |  535.0 |
      Gauntlet |    958 |    958 |      0 |    545 |    170 |   1 |  958.0 |
               +--------+--------+--------+--------+--------+-----+--------+

Top non-repeatable levels by time:
     D:7: 2268 daAuts
     D:8: 2068 daAuts
     D:5: 1894 daAuts
    D:10: 1526 daAuts
     D:9: 1459 daAuts
     D:2: 1316 daAuts
     D:6: 1277 daAuts
    D:11: 997 daAuts
Gauntlet: 958 daAuts
     D:1: 889 daAuts
   Orc:1: 803 daAuts
     D:3: 788 daAuts
   Orc:2: 267 daAuts
     D:4: 179 daAuts
  Lair:1: 15 daAuts
